 Dungeon Crawl Stone Soup version 0.28-a0-514-g0d7ab7f379 (webtiles) character file.

Game seed: 11139250471011789255

36 SkeletonJelly the Insei (level 3, 0/25 HPs)
             Began as a Vampire Transmuter on Sept 22, 2021.
             Slain by Terence (7 damage)
             ... on level 2 of the Dungeon.
             The game lasted 00:02:55 (1293 turns).

SkeletonJelly the Insei (Vampire Transmuter)        Turns: 1293, Time: 00:02:56

Health: 0/25       AC:  2    Str:  9    XL:     3   Next: 19%
Magic:  2/6        EV: 12    Int: 16    God:
Gold:   67         SH:  0    Dex: 14    Spells: 0/6 levels left

rFire   . . .      SeeInvis +     - Unarmed
rCold   . . .      Faith    .   (no shield)
rNeg    . . .      Spirit   .   a - +0 robe
rPois   .          Reflect  .   (helmet currently unavailable)
rElec   .          Harm     .   (no cloak)
rCorr   .          Rampage  .   (no gloves)
Will    .....                   (boots currently unavailable)
Stlth   +.........              (no amulet)
HPRegen 0.28/turn               (no ring)
MPRegen 0.10/turn               (no ring)

@: appendages, very slightly contaminated, healing quickly
A: horns 2, talons 2, alive, fangs 3, see invisible, vampiric 2
a: Exsanguinate, End Transformation


You were on level 2 of the Dungeon.
You had temporarily grown beastly horns and talons.
You visited 1 branch of the dungeon, and saw 2 of its levels.

You collected 67 gold pieces.

Inventory:

Armour
 a - a +0 robe (worn)
Scrolls
 b - a scroll of noise {unknown}
 c - 2 scrolls of blinking {unknown}
 d - a scroll of magic mapping {unknown}
 f - a scroll of fear {unknown}
 g - 5 scrolls of identify {unknown}
 h - a scroll of vulnerability {unknown}
 i - 2 scrolls of amnesia {unknown}
 j - a scroll of immolation {unknown}
Potions
 e - a potion of curing {unknown}
 k - a potion of magic {unknown}


   Skills:
 - Level 0.8 Fighting
 - Level 2.1 Dodging
 + Level 4.1 Unarmed Combat
 - Level 2.0 Spellcasting
 + Level 3.2 Transmutations


You couldn't memorise any spells.
You knew the following spells:

 Your Spells              Type           Power      Damage    Failure   Level
a - Beastly Appendage     Tmut           24%        N/A       5%          1
q - Spider Form           Tmut/Pois      3%         N/A       32%         3
s - Wereblood             Tmut           12%        N/A       9%          2

Your spell library contained the following spells:

 Spells                   Type           Power      Damage    Failure   Level
 Ice Form                 Ice/Tmut       6%         N/A       71%         4


Dungeon Overview and Level Annotations

Branches:
Dungeon (2/15)

Altars:
Sif Muna

Annotations:
D:2 Terence


Innate Abilities, Weirdness & Mutations

You have temporarily grown beastly horns and talons.
Your natural rate of healing is accelerated.
You have razor-sharp teeth.
You have supernaturally acute eyesight. (SInv)
You are afflicted with vampirism and can become a bat while bloodless.


Message History

Your transformation is almost over.
Your horns disappear.
Your talons disappear.
Your primal bloodlust is almost over.
You howl as the wereblood boils in your veins!
Your primal bloodlust has ended.
There is a stone staircase leading down here.
Key pressed, stopping explore.
g - 5 scrolls labelled URE VOHORRIO (gained 1)
A kobold comes into view. It is wielding a +0 club.
MP restored: 6 A kobold is nearby!
A kobold is nearby!
A kobold is nearby!
A kobold is nearby!
Casting: Beastly Appendage (safe; 5% risk of failure)
Confirm with . or Enter, or press ? or * to list all spells.
Your blood is infused with primal strength.
You now have 4/6 mp.
Casting: Wereblood (safe; 9% risk of failure)
Confirm with . or Enter, or press ? or * to list all spells.
You grow a pair of large bovine horns.
Your feet morph into talons.
The kobold hits you with a +0 club.
You take 3 damage, and have 22/25 hp.
You now have 3/6 mp.
You closely miss the kobold. Your kick misses the kobold.
The kobold hits you but does no damage.
You hit the kobold. Your kick misses the kobold.
The kobold is severely wounded.
The kobold hits you with a +0 club.
You take 4 damage, and have 18/25 hp.
You miss the kobold.
The kobold is severely wounded.
The kobold misses you.
You barely miss the kobold.
You headbutt the kobold, but do no damage.
The kobold is moderately wounded.
The kobold hits you with a +0 club.
You take 2 damage, and have 17/25 hp.
You closely miss the kobold. Your kick misses the kobold. You bite the kobold.
The kobold is severely wounded.
The kobold hits you with a +0 club.
You take 1 damage, and have 16/25 hp.
You hit the kobold.
You feel a bit better.
You kill the kobold!
You regained 2 hp, and now have 18/25 hp.
No target in view!
No target in view!
No target in view!
No target in view!
No target in view!
Your transformation is almost over.
You howl as the wereblood boils in your veins!
Your horns disappear.
Your talons disappear.
You howl as the wereblood boils in your veins!
Your primal bloodlust is almost over.
Your primal bloodlust has ended.
Things that are here:
a +0 club; a kobold corpse; Health restored: 25; MP restored: 6
Things that are here:
a +0 club; a kobold corpse
k - a sedimented sapphire potion Key pressed, stopping explore.
Found a stone staircase leading up.
There is a stone staircase leading up here.
c - 2 scrolls labelled DUQUUSSUSA (gained 1) Key pressed, stopping explore.
Found an escape hatch in the floor.
There is an escape hatch in the floor here.
Terence the Incautious comes into view.
He is wielding a +0 hand axe and carrying a wand of polymorph (8).
Terence shouts!
Terence is nearby!
Terence is nearby!
Terence is nearby!
Terence is nearby!
Terence is nearby!
Casting: Beastly Appendage (safe; 5% risk of failure)
Confirm with . or Enter, or press ? or * to list all spells.
You grow a pair of large bovine horns.
Your feet morph into talons.
You now have 5/6 mp.
Unknown command.
Casting: Beastly Appendage (safe; 5% risk of failure)
Confirm with . or Enter, or press ? or * to list all spells.
The spell is extremely dangerous to cast (32% risk of failure)!
Continue anyway?
You miscast Spider Form.
You are very lightly contaminated with residual magic.
Nothing appears to happen.
Terence hits you with a +0 hand axe.
You take 6 damage, and have 19/25 hp.
MASSIVE DAMAGE!!
You now have 2/6 mp.
You hit Terence but do no damage. Terence hits you with a +0 hand axe!
You take 9 damage, and have 10/25 hp.
MASSIVE DAMAGE!!
You hit Terence but do no damage. You bite Terence.
Terence is lightly wounded.
Terence hits you with a +0 hand axe.
* * * LOW HITPOINT WARNING * * *
You take 3 damage, and have 7/25 hp.
You closely miss Terence. You claw Terence.
Terence is lightly wounded.
Terence closely misses you.
You hit Terence. You punch Terence, but do no damage.
Terence is heavily wounded.
Terence hits you with a +0 hand axe!
You die...

#.# ..# ### ###
..# #. #.# #..#
#.# ###
.....##.#####.##
#.........#.##
####@###.###.##
......@.##.## ##.#
#.#########.###.##
##.#..#### #
#.......# .
#.##.##.# .
....... #.##.##.#
. .........
#..>.##.# #
.........
#.#####.#


You could see Terence.

Vanquished Creatures
  An adder (D:2)
  A dart slug (D:1)
  2 ball pythons
  6 endoplasms
  A giant cockroach (D:1)
  A goblin (D:1)
  3 hobgoblins
  A quokka (D:2)
  5 frilled lizards
  2 kobolds
  A rat (D:1)
24 creatures vanquished.

Notes
Turn   | Place    | Note
-------+----------+-------------------------------------------
     0 | D:1      | SkeletonJelly the Vampire Transmuter began the quest for
                  | the Orb.
     0 | D:1      | Reached XP level 1. HP: 14/14 MP: 3/3
   182 | D:1      | Reached XP level 2. HP: 20/20 MP: 1/5
   670 | D:1      | Found a faded altar of an unknown god.
   881 | D:2      | Found a shimmering blue altar of Sif Muna.
  1011 | D:2      | Reached skill level 4 in Unarmed Combat
  1061 | D:2      | Gained mutation: You are afflicted with vampirism and can
                  | become a bat while bloodless. [Vampire growth]
  1061 | D:2      | Reached XP level 3. HP: 20/25 MP: 4/6
  1064 | D:2      | Learned a level 2 spell: Wereblood
  1068 | D:2      | Learned a level 3 spell: Spider Form
  1287 | D:2      | Noticed Terence
  1293 | D:2      | Slain by Terence

Illustrated notes

Levels and vault maps discovered:
D:1:      tarquinn_simple_flora_water_e, layout_loops_ring,
          shapermc_ecumenical_altar_pompeii, minmay_distorted
D:2:      layout_loops_cross, basic_altar, uniq_terence

Skill      XL: |  1  2 |
---------------+-------+-----
Transmutations | 3 |  3.2
Unarmed Combat | 4 |  4.1
Fighting       | |  0.8
Dodging        | |  2.1
Spellcasting   | |  2.0

Action                   || total
-------------------------++-------
Melee: Unarmed           ||    60
       Bite              ||     9
       Kick              ||    10
       Headbutt          ||     9
       Punch             ||     1
 Cast: Beastly Appendage ||    21
       Wereblood         ||     2
Armor: Robe              ||     6
Dodge: Dodged            ||    30

Table legend: (Time is in decaauts)
 A = Elapsed time spent in this place.
 B = Non-inter-level travel time spent in this place.
 C = Inter-level travel time spent in this place.
 D = Time resting spent in this place.
 E = Time spent auto-exploring this place.
 F = Levels seen in this place.
 G = Mean time per level.
                   A        B        C        D        E       F      G
               +--------+--------+--------+--------+--------+-----+--------+
         Total |   1288 |   1268 |     20 |      0 |   1083 |   2 |  644.0 |
       Dungeon |   1288 |   1268 |     20 |      0 |   1083 |   2 |  644.0 |
               +--------+--------+--------+--------+--------+-----+--------+

Top non-repeatable levels by time:
     D:1: 736 daAuts
     D:2: 552 daAuts
